 Dungeon Crawl Stone Soup version 0.21.1-1-g345015f (webtiles) character file.

56 n0claF the Twirler (level 3, -2/28 HPs)
             Began as a Demonspawn Gladiator on July 4, 2018.
             Slain by Sigmund
             ... wielding a +0 scythe
              (9 damage)
             ... on level 2 of the Dungeon.
             The game lasted 00:02:08 (1086 turns).

n0claF the Twirler (Demonspawn Gladiator)           Turns: 1086, Time: 00:02:08

Health: -2/28      AC:  5    Str: 15    XL:     3   Next: 71%
Magic:  3/3        EV: 13    Int:  9    God:
Gold:   24         SH:  0    Dex: 14    Spells: 2/2 levels left

rFire    . . .     SeeInvis .   a - +0 quarterstaff
rCold    . . .     Gourm    .   (shield currently unavailable)
rNeg     . . .     Faith    .   b - +0 leather armour
rPois    .         Spirit   .   (helmet restricted)
rElec    .         Reflect  .   (no cloak)
rCorr    .         Harm     .   (no gloves)
MR       .....                  (no boots)
Stlth    +.........             (no amulet)
HPRegen  0.09/turn              (no ring)
MPRegen  0.08/turn              (no ring)

@: no status effects
A: horns 1, slimy green scales 1
a: no special abilities


You were on level 2 of the Dungeon.
You were not hungry.

You visited 1 branch of the dungeon, and saw 2 of its levels.

You collected 24 gold pieces.

Inventory:

Hand Weapons
 a - a +0 quarterstaff (weapon)
Missiles
 d - 3 throwing nets (quivered) {!f}
Armour
 b - a +0 leather armour (worn)
 c - a +0 helmet
Jewellery
 l - an uncursed ring of positive energy {unknown}
   (You found it on level 1 of the Dungeon)
Scrolls
 f - 2 scrolls of remove curse {unknown}
 j - 3 scrolls of magic mapping {unknown}
 k - a scroll of identify {unknown}
 m - a scroll of teleportation {unknown}
Potions
 h - 2 potions of curing {unknown}
 i - 2 potions of heal wounds {unknown}
Comestibles
 e - 5 rations {!d}
 g - 6 chunks of flesh


   Skills:
 + Level 2.6 Fighting
 + Level 3.1 Staves
 - Level 1.7 Throwing
 + Level 1.3 Armour
 + Level 3.1 Dodging


You had 2 spell levels left.
You didn't know any spells.

Dungeon Overview and Level Annotations

Branches:
Dungeon (2/15)

Altars:

Annotations:
D:2 Sigmund


Innate Abilities, Weirdness & Mutations

You have a pair of small horns on your head.
You are partially covered in slimy green scales. (AC +2)


Message History

No target in view!
No target in view!
No target in view!
No target in view!
No target in view!
No target in view!
No target in view!
No target in view!
No target in view!
Things that are here:
a dagger; a goblin corpse You butcher the goblin corpse.
g - 5 chunks of flesh (gained 3)
You see here a dagger. x2
A hobgoblin comes into view.
A hobgoblin is nearby!
The hobgoblin shouts!
You hit the hobgoblin.
You kill the hobgoblin!
You hear a bark!
No target in view!
Found a stone staircase leading down.
A jackal comes into view.
You see here a hobgoblin corpse.
A jackal is nearby!
The jackal bites you but does no damage.
The jackal misses you.
There is a stone staircase leading up here.
You barely miss the jackal. The jackal closely misses you.
You sock the jackal!
You kill the jackal!
No target in view!
You butcher the hobgoblin corpse.
g - 6 chunks of flesh (gained 1) Sigmund the Dreaded comes into view.
He is wielding a scythe.
Sigmund shouts!
Sigmund says, "Now you see me, now you don't..."
Sigmund hits you from afar with a scythe!
Sigmund hits you but does no damage.
You sock Sigmund! You sock Sigmund! Sigmund misses you.
You hit Sigmund. Your headbutt misses Sigmund.
Sigmund laughs darkly.
Sigmund hits you with a scythe!
* * * LOW HITPOINT WARNING * * *
You hit Sigmund. Your headbutt misses Sigmund. Sigmund closely misses you.
Your leather armour prevents you from hitting Sigmund.
Unknown command.
You closely miss Sigmund. Sigmund hits you with a scythe!
You die...

#.. ... #. #.# #.
#.# ##.###.#
##...##.#
.###.....#@###.###
.........@.....>..
###..........#...
##..<.####...#
##.#.# #.# #.#.# #
#.#)# ### #.#.#
#.. ..#.# #####
#.#######.#


You could see Sigmund.

Vanquished Creatures
  An ooze (D:1)
  2 dart slugs
  2 leopard geckos (D:1)
  3 bats
  4 giant cockroaches
  5 goblins
  4 hobgoblins
  3 jackals (D:2)
  4 kobolds
  A quokka (D:2)
  9 frilled lizards
  5 rats (D:1)
43 creatures vanquished.

Notes
Turn   | Place    | Note
-------+----------+-------------------------------------------
     0 | D:1      | n0claF the Demonspawn Gladiator began the quest for the Orb.
     0 | D:1      | Reached XP level 1. HP: 16/16 MP: 1/1
    67 | D:1      | Gained mutation: You are partially covered in slimy green scales. (AC +2) [demonic ancestry]
    67 | D:1      | Reached XP level 2. HP: 10/22 MP: 2/2
   334 | D:1      | Reached skill level 1 in Armour
   422 | D:1      | Gained mutation: You have a pair of small horns on your head. [demonic ancestry]
   422 | D:1      | Reached XP level 3. HP: 28/28 MP: 3/3
  1072 | D:2      | Noticed Sigmund
  1086 | D:2      | Slain by Sigmund

Skill      XL: |  1  2 |
---------------+-------+-----
Armour         | 1 |  1.3
Staves         | 3 |  3.1
Dodging        | 3 |  3.1
Fighting       | |  2.6
Throwing       | |  1.7

Action                   || total
-------------------------++-------
Melee: Quarterstaff      ||   103
       Headbutt          ||     5
  Eat: Chunk             ||     1
Armor: Leather armour    ||    39
Dodge: Dodged            ||    67
